 Dungeon Crawl Stone Soup version 0.25.1-1-g288607f (webtiles) character file.

Game seed: 4831081281275968201

44 auberdahn the Chopper (level 3, -4/34 HPs)
             Began as a Naga Fighter on Sept 25, 2020.
             Slain by a big kobold
             ... wielding a +0 club
              (6 damage)
             ... on level 2 of the Dungeon.
             The game lasted 00:00:48 (1260 turns).

auberdahn the Chopper (Naga Fighter)                Turns: 1260, Time: 00:00:49

Health: -4/34      AC:  4    Str: 18    XL:     3   Next: 60%
Magic:  3/3        EV:  5    Int:  9    God:
Gold:   18         SH:  8    Dex: 10    Spells: 2/2 levels left

rFire    . . .     SeeInvis +   a - +0 war axe
rCold    . . .     Gourm    .   c - +0 kite shield
rNeg     . . .     Faith    .   b - +0 scale mail
rPois    +         Spirit   .   (no helmet)
rElec    .         Reflect  .   (no cloak)
rCorr    .         Harm     .   (no gloves)
MR       .....                  (no barding)
Stlth    ..........             (no amulet)
HPRegen  0.11/turn              (no ring)
MPRegen  0.08/turn              (no ring)

@: very slow
A: large, see invisible, deformed body, poison resistance, slowness 2, slow
metabolism 1, spit poison 1, AC +1
a: Spit Poison


You were on level 2 of the Dungeon.
You were hungry.

You visited 1 branch of the dungeon, and saw 2 of its levels.

You collected 18 gold pieces.

Inventory:

Hand Weapons
 a - a +0 war axe (weapon)
Armour
 b - a +0 scale mail (worn)
 c - a +0 kite shield (worn)
Scrolls
 g - a scroll of fear {unknown}
 h - 3 scrolls of identify {unknown}
 i - a scroll of enchant armour {unknown}
 j - a scroll of magic mapping {unknown}
Potions
 d - a potion of might
 e - a potion of resistance {unknown}
Comestibles
 f - 2 rations {!d}


   Skills:
 - Level 3.0 Fighting
 * Level 3.7 Axes
 - Level 2.4 Armour
 - Level 2.4 Shields


You had 2 spell levels left.
You didn't know any spells.
Your spell library was empty.

Dungeon Overview and Level Annotations

Branches:
Dungeon (2/15)

Altars:


Innate Abilities, Weirdness & Mutations

You cannot wear boots.
Your serpentine skin is tough. (AC +1)
You have supernaturally acute eyesight. (SInv)
Armour fits poorly on your strangely shaped body.
Your system is resistant to poisons. (rPois)
You cover ground very slowly.
You have a slow metabolism.
You can spit poison.


Message History

You block the big kobold's attack.
You closely miss the big kobold.
The big kobold is almost dead.
You block the big kobold's attack.
You hit the big kobold.
The big kobold is almost dead.
The big kobold barely misses you.
You barely miss the big kobold.
The big kobold is almost dead.
The big kobold hits you with a +0 club.
* * * LOW HITPOINT WARNING * * *
The big kobold hits you with a +0 club.
* * * LOW HITPOINT WARNING * * *
Your shield and scale mail prevent you from hitting the big kobold.
The big kobold is almost dead.
The big kobold hits you but does no damage.
Your shield and scale mail prevent you from hitting the big kobold.
The big kobold is almost dead.
The big kobold hits you with a +0 club.
You die...

.# #.## # ... ..
..# ..# # ..#.#..
#. ......#
#.###K......
#...@†# # ###.###
#. #..# #.#####
#..#########.....##
#.......... ......
##.######## ##...#
#.# #####.....
#.#######.........
#.........###.....


You could see a big kobold.

Vanquished Creatures
  An ooze (D:1)
  A dart slug (D:1)
  2 leopard geckos (D:1)
  2 ball pythons (D:1)
  5 bats
  A giant cockroach (D:1)
  3 goblins (D:1)
  3 hobgoblins (D:1)
  7 jackals
  4 kobolds (D:1)
  3 rats (D:1)
32 creatures vanquished.

Notes
Turn   | Place    | Note
-------+----------+-------------------------------------------
     0 | D:1      | auberdahn the Naga Fighter began the quest for the Orb.
     0 | D:1      | Reached XP level 1. HP: 21/21 MP: 1/1
     1 | D:1      | Noticed an electric eel
   148 | D:1      | Reached XP level 2. HP: 20/28 MP: 2/2
   596 | D:1      | Reached XP level 3. HP: 22/34 MP: 3/3
  1230 | D:2      | Noticed a big kobold
  1258 | D:2      | HP: 1/34 [big kobold/+0 club (1)]
  1260 | D:2      | Slain by a big kobold

Illustrated notes

Levels and vault maps discovered:
D:1:      arrival_aquarium_a, layout_basic, corexii_corridor_pit
D:2:      layout_loops_ring, first_ration

Skill      XL: |  1  2 |
---------------+-------+-----
Axes           | 3 |  3.7
Fighting       | |  3.0
Armour         | |  2.4
Shields        | |  2.4

Action                   || total
-------------------------++-------
Melee: War axe           ||   104
 Abil: Spit Poison       ||     3
Armor: Scale mail        ||    69
Dodge: Dodged            ||    31
Block: Kite shield       ||    71
